 Dungeon Crawl Stone Soup version 0.31.0-9-g3a7656b989 (webtiles) character file.

Game seed: 9502715184164782675

24 Sobieck the Shooter (level 2, 17/17 HPs)
             Began as a Deep Elf Hunter on Jan 24, 2024.
             Was a Follower of Trog.
             Got out of the dungeon alive.
             The game lasted 00:00:58 (403 turns).

Sobieck the Shooter (Deep Elf Hunter)                Turns: 403, Time: 00:00:59

Health: 17/17      AC:  3    Str:  8    XL:     2   Next: 79%
Magic:  4/4        EV: 12    Int: 13    God:    Trog [*.....]
Gold:   65         SH:  0    Dex: 18    Spells: 1/1 levels left

rFire   . . .        a - +0 shortbow
rCold   . . .        (shield currently unavailable)
rNeg    . . .        c - +0 leather armour
rPois   .            (no helmet)
rElec   .            (no cloak)
rCorr   .            (no gloves)
SInv    .            (no boots)
Will    .....        (no amulet)
Stlth   ++           (no ring)
HPRegen 0.22/turn    (no ring)
MPRegen 0.09/turn

%: no passive effects
@: no status effects
A: no striking features
a: Renounce Religion, Berserk


You escaped.
You worshipped Trog.
Trog was aware of your devotion.
You visited 1 branch of the dungeon, and saw 1 of its levels.

You collected 65 gold pieces.

Inventory:

Hand Weapons
 a - a +0 shortbow (weapon)
Armour
 c - a +0 leather armour (worn)
Scrolls
 b - a scroll of butterflies
 d - a scroll of identify {unknown}
 f - a scroll of blinking {unknown}
Potions
 e - a potion of cancellation {unknown}


   Skills:
 + Level 1.9 Fighting
 * Level 5.9 Ranged Weapons
 + Level 2.9 Dodging
 - Level 1.2 Stealth


You had one spell level left.
You didn't know any spells.
Your spell library was empty.

Dungeon Overview and Level Annotations

Branches:
Dungeon (1/15)

Altars:
Trog


Message History

No target in view!
No target in view!
You open the door.
There is an open door here.
Things that are here:
a +0 short sword; 5 stones; a kobold corpse You now have 29 gold pieces (gained 5).
Found a stone staircase leading down.
A quokka comes into view.
Found 5 stones.
You shoot an arrow. The arrow hits the quokka!
You kill the quokka!
No target in view!
No target in view!
Found a mace.
You now have 38 gold pieces (gained 9).
You now have 57 gold pieces (gained 19).
An endoplasm comes into view.
You shoot an arrow. The arrow hits the endoplasm!
You kill the endoplasm!
No target in view!
You open the door.
You now have 65 gold pieces (gained 8).
You open the door. You open the door.
A ball python comes into view.
Found a faded altar of an unknown god.
The ball python hisses angrily.
A ball python is nearby!
You shoot an arrow. The arrow hits the ball python.
The ball python is moderately wounded.
You shoot an arrow. The arrow hits the ball python.
You kill the ball python!
No target in view!
No target in view!
Found a flail.
Unknown command.
Unknown command.
There is a faded altar of an unknown god here.
This altar belongs to (a) Hepliaklqana, (b) Okawaru or (c) Trog, but you can't tell which.
Press the corresponding letter to learn more about a god, or press enter to convert or escape to cancel.
Trog accepts your prayer! Trog welcomes you!
You can now go berserk at will.
Unknown command.
Press < or > to pray at altars.
There is an open door here.
There is a stone staircase leading down here.
There is an open door here.
There is a staircase leading out of the dungeon here.
You have escaped!

....# .......#.##.# #
...# ..##...#.##.# #.
#..# .# ##..#.##.. #..
##..# ..## #..#.###.
#...##...##...##...#.#
#.
#.................)#.#
#. #.............. #..
#. ######..##..### ##.
#. ######.@##..## #.
##.............. #. #.
#............... #) #.
#...##...##...## #. ##
#..####..# ..## #.###.
#..####..# .# #.#..(
#...##...# . #.#...
#........# .. #.....
##'......## +##....


There were no monsters in sight!

Vanquished Creatures
  2 dart slugs (D:1)
  4 endoplasms (D:1)
  2 goblins (D:1)
  2 hobgoblins (D:1)
  A quokka (D:1)
  2 ball pythons (D:1)
  A bat (D:1)
  3 kobolds (D:1)
17 creatures vanquished.

Notes
Turn   | Place    | Note
-------+----------+-------------------------------------------
     0 | D:1      | Sobieck the Deep Elf Hunter began the quest for the Orb.
     0 | D:1      | Reached XP level 1. HP: 12/12 MP: 3/3
    88 | D:1      | Reached XP level 2. HP: 17/17 MP: 4/4
   342 | D:1      | Found a faded altar of an unknown god.
   352 | D:1      | Prayed at the altar of an unknown god.
   352 | D:1      | Became a worshipper of Trog the Wrathful
   352 | D:1      | Reached * piety under Trog
   403 | D:$      | Got out of the dungeon alive.

Illustrated notes

Levels and vault maps discovered:
D:1:      minmay_arrival_four_loops, layout_basic,
          hellmonk_ecumenical_altar_arch_garden

Action                     || total
---------------------------++-------
   Fire: Shortbow          ||    42
 Armour: Leather armour    ||     3
  Dodge: Dodged            ||     3
